 Dungeon Crawl Stone Soup version 0.31.0-9-g3a7656b989 (webtiles) character file.

Game seed: 16501649832322359086

72 qw the Shooter (level 4, 0/22 HPs)
             Began as a Spriggan Hunter on Feb 2, 2024.
             Slain by a kobold
             ... wielding a +0 short sword
              (3 damage)
             ... on level 2 of the Dungeon.
             The game lasted 00:00:03 (1124 turns).

qw the Shooter (Spriggan Hunter)                    Turns: 1124, Time: 00:00:03

Health: 0/22       AC:  2    Str:  7    XL:     4   Next: 6%
Magic:  5/5        EV: 19    Int: 10    God:
Gold:   43         SH:  0    Dex: 20    Spells: 3/3 levels left

rFire   . . .        a - +0 shortbow
rCold   . . .        (shield currently unavailable)
rNeg    . . .        c - +0 robe
rPois   .            (helmet restricted)
rElec   .            (no cloak)
rCorr   .            (gloves unavailable)
SInv    +            (boots unavailable)
Will    .....        (no amulet)
Stlth   ++           (no ring)
HPRegen 0.23/turn    (no ring)
MPRegen 0.09/turn

%: no passive effects
@: very quick
A: very small, no large weapons, unfitting armour, see invisible, speed 3
a: no special abilities


You were on level 2 of the Dungeon.
You visited 1 branch of the dungeon, and saw 2 of its levels.

You collected 43 gold pieces.


Innate Abilities, Weirdness & Mutations

You are very small and have problems with some larger weapons.
You are too small for most types of armour.
You have supernaturally acute eyesight. (SInv)
You cover ground extremely quickly. (Speed+++)


   Skills:
 - Level 1.5 Fighting
 - Level 5.0 Ranged Weapons
 + Level 4.2 Dodging
 - Level 1.5 Stealth


You had 3 spell levels left.
You didn't know any spells.
Your spell library was empty.

Inventory:

Hand Weapons
 a - a +0 shortbow (weapon)
Armour
 c - a +0 robe (worn)

Dungeon Overview and Level Annotations

Branches:
Dungeon (2/15)

Altars:


Message History

The adder misses you.
You shoot an arrow. The arrow barely misses the adder.
The adder misses you. The dart slug misses you. The adder misses you.
You shoot an arrow. The arrow misses the adder.
The arrow closely misses the kobold.
The adder completely misses you. The dart slug barely misses you.
You shoot an arrow. The arrow misses the adder.
The arrow hits the kobold but does no damage.
The adder bites you but does no damage. The adder misses you.
The dart slug closely misses you.
You shoot an arrow. The arrow hits the adder.
The adder is heavily wounded.
The adder closely misses you. The dart slug bites you.
You shoot an arrow. The arrow hits the adder.
The adder is heavily wounded.
The adder bites you. The adder misses you.
You shoot an arrow. The arrow closely misses the adder.
The arrow barely misses the kobold.
The adder bites you. The dart slug closely misses you.
You shoot an arrow. The arrow hits the adder!
You kill the adder!
The dart slug launches a dart at you. The slug dart hits you.
The kobold hits you with a +0 short sword.
You have reached level 4!
You shoot an arrow. The arrow hits the dart slug.
The dart slug is heavily wounded.
The dart slug completely misses you. The kobold misses you.
You shoot an arrow.
The arrow completely misses the dart slug.
The kobold hits you with a +0 short sword.
The dart slug closely misses you.
You shoot an arrow.
The arrow hits the dart slug but does no damage.
The dart slug is heavily wounded.
The kobold hits you with a +0 short sword.
You shoot an arrow. The arrow hits the dart slug.
The dart slug is almost dead.
The kobold hits you with a +0 short sword.
You die...

#......#####
#.....############
####>.............
#
####.###...###..#
#..........# ###
#####...#### ~~~~
#...## .....
#(...###~.}~~.
#.....@K..~.$~
######.w..~$.~
###~..~~} ~.....
~~~~~ #####


You could see a dart slug and a kobold.

Vanquished Creatures
  Terence (D:2)
  2 adders (D:2)
  4 bats (D:1)
  5 giant cockroaches (D:1)
  2 goblins (D:1)
  4 hobgoblins
  2 jackals (D:1)
  2 ball pythons (D:1)
  A frilled lizard (D:1)
  4 kobolds (D:1)
  2 rats (D:1)
29 creatures vanquished.

Notes
Turn   | Place    | Note
-------+----------+-------------------------------------------
     0 | D:1      | qw the Spriggan Hunter began the quest for the Orb.
     0 | D:1      | Reached XP level 1. HP: 10/10 MP: 2/2
     0 | D:1      | 0 ||| qw: Version: 0.3-a-155-g5e7d8dd
     0 | D:1      | 0 ||| qw: Game counter: 2214
     0 | D:1      | 0 ||| qw: Melee chars always use a shield: true
     0 | D:1      | 0 ||| qw: God list: Okawaru
     0 | D:1      | 0 ||| qw: Allow faded altars: false
     0 | D:1      | 0 ||| qw: Do Orc after clearing Dungeon:15 true
     0 | D:1      | 0 ||| qw: Do second Lair branch before Depths: true
     0 | D:1      | 0 ||| qw: Lair rune preference: random
     0 | D:1      | 0 ||| qw: Goals: Normal
     0 | D:1      | 0 ||| PLANNING D:1-11
    40 | D:1      | Reached skill level 3 in Dodging
    89 | D:1      | Reached XP level 2. HP: 14/14 MP: 3/3
   615 | D:1      | Reached XP level 3. HP: 18/18 MP: 4/4
   759 | D:1      | 759 ||| READING scroll labelled LIPPUXK PIFATS.
   860 | D:1      | 860 ||| READING scroll labelled VUSEVI BUHERR.
   861 | D:1      | 861 ||| DROPPING scroll of butterflies.
  1019 | D:2      | Noticed Terence
  1028 | D:2      | HP: 4/18 [Terence/+4 flail of protection (14)]
  1029 | D:2      | Killed Terence
  1030 | D:2      | Reached skill level 5 in Ranged Weapons
  1121 | D:2      | Reached XP level 4. HP: 8/22 MP: 5/5
  1123 | D:2      | HP: 3/22 [kobold/+0 short sword (3)]
  1124 | D:2      | Slain by a kobold

Levels and vault maps discovered:
D:1:      nicolae_arrival_memento_mori, layout_basic
D:2:      layout_basic, kennysheep_generic_room_7, uniq_terence

Skill      XL: |  1  2  3 |
---------------+----------+-----
Dodging        | 3 4 |  4.2
Ranged Weapons | 5 |  5.0
Fighting       | |  1.5
Stealth        | |  1.5

Action                     |  1- 3 |  4- 6 || total
---------------------------+-------+-------++-------
   Fire: Shortbow          |   110 |     4 ||   114
    Use: Scroll            |     2 |       ||     2
 Armour: Robe              |    23 |     3 ||    26
  Dodge: Dodged            |    59 |     3 ||    62

Table legend:
 A = Non-vault XP
 B = Vault XP
 C = Vault XP percentage of total XP
 D = Non-vault monster count
 E = Vault monster count
 F = Vault count percentage of total count
                 A         B        C        D         E       F
            +---------+---------+-------+---------+---------+-------
      Total |      57 |      46 |  44.7 |      27 |       2 |   6.9
            +---------+---------+-------+---------+---------+-------
        D:1 |      42 |       0 |   0.0 |      25 |       0 |   0.0
        D:2 |      15 |      46 |  75.4 |       2 |       2 |  50.0
            +---------+---------+-------+---------+---------+-------
